 Dungeon Crawl Stone Soup version 0.29-a0-113-g078de9bc30 (webtiles) character file.

Game seed: 14789163315740876097

23310 frimble the Frost Mage (level 13, -10/98 HPs)
             Began as a Gnoll Ice Elementalist on Feb 19, 2022.
             Was a High Priest of Cheibriados.
             Shot with an arrow by a centaur warrior (18 damage)
             ... in a volcano.
             The game lasted 00:19:48 (13729 turns).

frimble the Frost Mage (Gnoll Ice Elementalist)    Turns: 13729, Time: 00:19:49

Health: -10/98     AC: 25    Str: 20    XL:     13   Next: 5%
Magic:  21/26      EV: 14    Int: 41    God:    Cheibriados [*****.]
Gold:   660        SH:  0    Dex: 24    Spells: 19/31 levels left

rFire   + . .      SeeInvis .   b - +2 flail (protect)
rCold   . . .      Faith    .   (no shield)
rNeg    . . .      Spirit   .   B - +1 chain mail {rF+}
rPois   .          Reflect  .   (no helmet)
rElec   +          Harm     .   (no cloak)
rCorr   .          Rampage  .   (no gloves)
Will    .....                   g - +1 pair of boots
Stlth   ++........              (no amulet)
HPRegen 0.26/turn               l - +6 ring of intelligence
MPRegen 0.20/turn               k - +6 ring of intelligence

@: ice-armoured, under a protective aura, freezing walls, very slow
A: fangs 1, strong nose, distributed training, electricity resistance
a: Renounce Religion, Bend Time, Temporal Distortion, Slouch, Step From Time


You were in a volcano.
You worshipped Cheibriados.
Cheibriados was extremely pleased with you.
You visited 3 branches of the dungeon, and saw 13 of its levels.
You also visited: Bailey and Volcano.

You collected 660 gold pieces.

Inventory:

Hand Weapons
 b - a +2 flail of protection (weapon)
 x - a +2 halberd of draining
 y - a +2 dagger of electrocution
 A - a +2 short sword of venom
 C - a +2 halberd of electrocution
Missiles
 m - 9 javelins
 E - 2 throwing nets
Armour
 c - a +2 ring mail of cold resistance
 g - a +1 pair of boots (worn)
 B - a +1 chain mail of fire resistance (worn)
 H - a +1 troll leather armour
Jewellery
 k - a +6 ring of intelligence (right hand)
 l - a +6 ring of intelligence (left hand)
 n - a ring of poison resistance
 r - a ring of see invisible
Wands
 a - a wand of mindburst (10)
 o - a wand of polymorph (6)
 s - a wand of digging (6)
Scrolls
 e - 3 scrolls of noise
 t - a scroll of holy word
 u - a scroll of fog
 w - 2 scrolls of enchant weapon
 F - 3 scrolls of fear
 G - a scroll of vulnerability
Potions
 f - 5 potions of might
 h - 4 potions of resistance
 i - a potion of magic
 j - 4 potions of invisibility
 p - 3 potions of haste
 q - 2 potions of berserk rage
 v - 3 potions of brilliance
 z - 5 potions of curing
 D - a potion of mutation
 I - a potion of attraction {unknown}


   Skills:
 + Level 7.9 Fighting
 + Level 7.9 Short Blades
 + Level 7.9 Long Blades
 + Level 7.9 Axes
 + Level 7.9 Maces & Flails
 + Level 7.9 Polearms
 + Level 7.9 Staves
 + Level 7.9 Slings
 + Level 7.9 Bows
 + Level 7.9 Crossbows
 + Level 7.9 Throwing
 + Level 7.9 Armour
 + Level 9.2 Dodging
 + Level 9.1 Stealth
 + Level 7.9 Shields
 + Level 7.9 Unarmed Combat
 + Level 9.5 Spellcasting
 + Level 6.6 Conjurations
 + Level 6.6 Hexes
 + Level 6.6 Summonings
 + Level 6.6 Necromancy
 + Level 6.6 Translocations
 + Level 6.6 Transmutations
 + Level 6.6 Fire Magic
 + Level 9.8 Ice Magic
 + Level 6.6 Air Magic
 + Level 6.6 Earth Magic
 + Level 6.6 Poison Magic
 + Level 8.7 Invocations
 + Level 7.9 Evocations


You had 19 spell levels left.
You knew the following spells:

 Your Spells              Type           Power      Damage    Failure   Level
a - Freeze                Ice            100%       1d11      1%          1
b - Frozen Ramparts       Ice            100%       1d12      1%          3
c - Ozocubu's Armour      Ice            79%        N/A       1%          3
d - Irradiate             Conj/Tmut      32%        3d24      26%         5

Your spell library contained the following spells:

 Spells                   Type           Power      Damage    Failure   Level
 Slow                     Hex            100%       N/A       1%          1
 Sublimation of Blood     Necr           65%        N/A       1%          2
 Confusing Touch          Hex            65%        N/A       2%          3
 Vampiric Draining        Necr           65%        2d10      2%          3
 Hailstorm                Conj/Ice       72%        3d15      4%          4
 Petrify                  Tmut/Erth      65%        N/A       9%          4


Dungeon Overview and Level Annotations

Branches:
Dungeon (10/15)            Temple (1/1) D:5            Lair (2/6) D:9
 Bailey (visited)         Volcano (1/1)
  Swamp: Lair:2-4    Shoals: Lair:2-4     Snake: Lair:2-4    Spider: Lair:2-4
    Orc: D:9-12

Altars:
Ashenzari
Cheibriados
Dithmenos
Elyvilon
Fedhas
Gozag
Hepliaklqana
Kikubaaqudgha
Makhleb
Nemelex Xobeh
Qazlal
Ru
Trog
Uskayaw
Vehumet
Yredelemnul
Zin
The Shining One

Shops:
D:2 :

Annotations:
D:6 1 runed translucent door, siradein's ghost, amateur NaAM
D:10 Erica; Fannar; Maurice


Innate Abilities, Weirdness & Mutations

You have very sharp teeth.
Your uncanny sense of smell can sniff out nearby items.
Your experience applies equally to all skills.
You are resistant to electric shocks. (rElec)


Message History

The wall freezes the centaur warrior!
The centaur warrior shoots an arrow.
The arrow hits you! The arrow burns you. The heat melts your icy armour.
The wall freezes the centaur warrior.
You sock the yaktaur!
Your weapon exudes an aura of protection.
The yaktaur is moderately wounded.
The wall freezes the yaktaur!
The yaktaur unwields a +1 arbalest of flaming.
It stops flaming.
The yaktaur misses you.
You hit the yaktaur.
The yaktaur is heavily wounded.
The wall freezes the yaktaur.
The yaktaur hits you!
* * * LOW HITPOINT WARNING * * *
You hit the yaktaur but do no damage.
The yaktaur is severely wounded.
The wall freezes the yaktaur.
The yaktaur barely misses you.
You thump the yaktaur!
You kill the yaktaur!
Cheibriados appreciates the change of pace.
A yaktaur comes into view.
It is wielding a +4 arbalest of flaming.
The wall freezes the centaur warrior.
The centaur warrior shoots an arrow.
The arrow hits you!
* * * LOW HITPOINT WARNING * * *
The arrow burns you.
* * * LOW HITPOINT WARNING * * *
The yaktaur shouts!
The heat melts your icy armour.
Okay, then.
Unknown command.
Okay, then.
Unknown command.
As you read the scroll of fear, it crumbles to dust.
You assume a fearsome visage.
The centaur warrior looks frightened!
The yaktaur looks frightened!
The wall freezes the centaur warrior.
Your attack snaps the centaur warrior out of its fear.
The centaur warrior shoots an arrow.
The arrow barely misses you.
The wall freezes the centaur warrior!
The centaur warrior shoots an arrow.
The arrow hits you!!
You die...

##.#.......§≈≈§.§≈≈.......
#####.....≈§§§≈≈≈≈≈§.....#
#...○.≈≈≈≈≈≈≈≈≈≈≈§....#
##..°.≈≈≈≈≈≈§≈≈≈≈.....#
#...○≈§§≈≈§§≈≈≈≈≈....#
#...°°≈≈≈≈§≈§≈§≈....#
##.#°...§≈.≈.≈≈..c.# ##
##.°°........)c..#
#≈≈##.##°...##..@#...#
≈≈≈≈.#########.####...#
≈§≈≈..# ### .### ≈≈≈...#
.# ○≈≈...# .§ ≈≈.∩..# ∆∆∩c
≈§≈≈... ∆∆∆c§§ §≈§§§.. ∆
#≈§§§..#


You could see a centaur warrior and a yaktaur (fleeing).

Vanquished Creatures
  Harold (D:8)
  A two-headed ogre (D:8)
  A manticore (D:7)
  A gargoyle (D:9)
  3 cane toads (Lair:1)
  Maggie (D:6)
  A yaktaur (Volcano)
  3 komodo dragons (Lair:1)
  Prince Ribbit (D:6)
  3 trolls
  3 blink frogs (Lair:1)
  2 wyverns
  2 steam dragons
  2 humans (D:7)
  A wraith (D:7)
  18 yaks
  A neqoxec (D:5)
  Menkaure (D:6)
  An acid dragon (D:6)
  5 water moccasins
  An ice beast (D:8)
  4 orc warriors
  3 black bears
  A hornet zombie (D:6)
  A necrophage (D:5)
  4 centaurs
  12 bullfrogs
  A phantom (D:5)
  2 scorpions
  Dowan (D:6)
  12 killer bees
  7 wights (D:9)
  A howler monkey (D:5)
  A centaur zombie (D:6)
  3 orc priests
  4 bullfrog zombies
  2 hounds
  A centaur skeleton (D:6)
  An iguana (D:4)
  Terence (D:2)
  8 orc wizards
  A killer bee zombie (D:5)
  2 hound skeletons
  A howler monkey zombie (D:7)
  16 gnolls
  6 adders
  A howler monkey skeleton (D:6)
  A shadow imp (D:6)
  3 white imps
  An ufetubus (D:7)
  4 worms
  6 dart slugs
  36 orcs
  6 endoplasms
  2 giant cockroaches (D:4)
  7 goblins
  6 hobgoblins
  11 jackals
  4 quokkas
  4 ball pythons
  7 bats
  9 frilled lizards
  5 kobolds
  6 rats
  A spectral kobold (D:2)
269 creatures vanquished.

Vanquished Creatures (others)
  3 fungi (Lair:1)
  37 plants
  2 withered plants (D:6)
42 creatures vanquished.

Grand Total: 311 creatures vanquished

Notes
Turn   | Place    | Note
-------+----------+-------------------------------------------
     0 | D:1      | frimble the Gnoll Ice Elementalist began the quest for the
                  | Orb.
     0 | D:1      | Reached XP level 1. HP: 13/13 MP: 6/6
   347 | D:1      | Reached XP level 2. HP: 4/19 MP: 0/7
  1418 | D:2      | Noticed Terence
  1427 | D:2      | Reached skill level 5 in Spellcasting
  1427 | D:2      | Reached XP level 3. HP: 18/25 MP: 3/9
  1431 | D:2      | Learned a level 3 spell: Frozen Ramparts
  1441 | D:2      | Learned a level 3 spell: Ozocubu's Armour
  1589 | D:2      | Found a faded altar of an unknown god.
  1619 | D:2      | Reached skill level 1 in Invocations
  1635 | D:2      | Found Ligawu's Book Emporium.
  1989 | D:2      | Killed Terence
  1990 | D:2      | Reached skill level 1 in Fighting
  1990 | D:2      | Reached skill level 1 in Short Blades
  1990 | D:2      | Reached skill level 1 in Long Blades
  1990 | D:2      | Reached skill level 1 in Axes
  1990 | D:2      | Reached skill level 1 in Maces & Flails
  1990 | D:2      | Reached skill level 1 in Polearms
  1990 | D:2      | Reached skill level 1 in Staves
  1990 | D:2      | Reached skill level 1 in Slings
  1990 | D:2      | Reached skill level 1 in Bows
  1990 | D:2      | Reached skill level 1 in Crossbows
  1990 | D:2      | Reached skill level 1 in Throwing
  1990 | D:2      | Reached skill level 1 in Armour
  1990 | D:2      | Reached skill level 1 in Shields
  1990 | D:2      | Reached skill level 1 in Unarmed Combat
  1990 | D:2      | Reached skill level 1 in Evocations
  1990 | D:2      | Reached XP level 4. HP: 19/32 MP: 1/11
  2452 | D:2      | Identified the +2 robe "Jyige" {-Tele Contam Harm rC+
                  | rN+++}
  2732 | D:2      | Reached skill level 1 in Conjurations
  2732 | D:2      | Reached skill level 1 in Hexes
  2732 | D:2      | Reached skill level 1 in Summonings
  2732 | D:2      | Reached skill level 1 in Necromancy
  2732 | D:2      | Reached skill level 1 in Translocations
  2732 | D:2      | Reached skill level 1 in Transmutations
  2732 | D:2      | Reached skill level 1 in Fire Magic
  2732 | D:2      | Reached skill level 1 in Air Magic
  2732 | D:2      | Reached skill level 1 in Earth Magic
  2732 | D:2      | Reached skill level 1 in Poison Magic
  2734 | D:2      | Reached XP level 5. HP: 35/37 MP: 5/12
  3447 | D:3      | Identified the +0 leather armour of the Blacksmith {Str+3
                  | Dex+3}
  3837 | D:3      | You fall into a shaft and drop 2 floors!
  3837 | D:5      | Entered Level 5 of the Dungeon
  3890 | D:5      | Reached XP level 6. HP: 44/44 MP: 13/13
  3918 | D:5      | Found a radiant altar of Vehumet.
  3932 | D:5      | Found a bloodstained altar of Trog.
  3935 | D:5      | Noticed a water moccasin
  3944 | D:5      | Killed a water moccasin
  3945 | D:5      | Reached skill level 5 in Dodging
  4300 | D:4      | Reached XP level 7. HP: 50/50 MP: 10/15
  4300 | D:4      | Found a blossoming altar of Fedhas.
  4300 | D:4      | Noticed a wyvern
  4309 | D:4      | Killed a wyvern
  4310 | D:4      | Reached skill level 5 in Stealth
  4626 | D:3      | Found a burning altar of Makhleb.
  5296 | D:4      | Reached XP level 8. HP: 35/57 MP: 16/16
  5599 | D:5      | Noticed Grinder
  5608 | D:5      | Noticed Grinder
  5608 | D:5      | Grinder changed into Grinder the neqoxec
  5612 | D:5      | Gained mutation: Your body sometimes deteriorates upon
                  | taking damage. [Grinder]
  5612 | D:5      | Killed Grinder the neqoxec
  5727 | D:5      | Found an opulent altar of Gozag.
  5739 | D:5      | Found an ancient bone altar of Kikubaaqudgha.
  5745 | D:5      | Noticed Eustachio
  5755 | D:5      | Noticed Eustachio
  5755 | D:5      | Eustachio changed into Eustachio the bat
  5759 | D:5      | Killed Eustachio the bat
  5801 | D:5      | Found a staircase to the Ecumenical Temple.
  5907 | D:5      | Found a shadowy altar of Dithmenos.
  5914 | D:5      | Found a stormy altar of Qazlal.
  6004 | Temple   | Entered the Ecumenical Temple
  6026 | Temple   | Became a worshipper of Cheibriados the Contemplative
  6207 | D:6      | Noticed Maggie
  6216 | D:6      | Killed Maggie
  6349 | D:6      | Learned a level 5 spell: Irradiate
  6601 | D:6      | Noticed Menkaure
  6612 | D:6      | Killed Menkaure
  6613 | D:6      | Reached XP level 9. HP: 29/65 MP: 11/18
  6715 | D:6      | Noticed Prince Ribbit
  6739 | D:6      | Killed Prince Ribbit
  6915 | D:6      | Reached * piety under Cheibriados
  7695 | D:6      | Found a runed translucent door.
  7696 | D:6      | Noticed siradein's ghost (amateur NaAM)
  7852 | D:6      | Noticed Dowan
  7861 | D:6      | Noticed Duvessa
  7862 | D:6      | Killed Dowan
  7864 | D:6      | Noticed Duvessa
  7864 | D:6      | Duvessa changed into Duvessa the acid dragon
  7868 | D:6      | Killed Duvessa the acid dragon
  8332 | D:7      | Reached skill level 5 in Invocations
  8439 | D:7      | Found a flagged portal.
  8455 | Bailey   | Entered a bailey
  8770 | Bailey   | Reached ** piety under Cheibriados
  9131 | Bailey   | Reached skill level 5 in Conjurations
  9131 | Bailey   | Reached skill level 5 in Hexes
  9131 | Bailey   | Reached skill level 5 in Summonings
  9131 | Bailey   | Reached skill level 5 in Necromancy
  9131 | Bailey   | Reached skill level 5 in Translocations
  9131 | Bailey   | Reached skill level 5 in Transmutations
  9131 | Bailey   | Reached skill level 5 in Fire Magic
  9131 | Bailey   | Reached skill level 5 in Air Magic
  9131 | Bailey   | Reached skill level 5 in Earth Magic
  9131 | Bailey   | Reached skill level 5 in Poison Magic
  9131 | Bailey   | Reached XP level 10. HP: 74/74 MP: 19/22
  9132 | Bailey   | Reached XP level 11. HP: 81/81 MP: 19/23
  9382 | D:7      | Reached XP level 12. HP: 69/89 MP: 24/24
  9496 | D:7      | Lost mutation: Your body sometimes deteriorates upon taking
                  | damage. [potion of mutation]
  9496 | D:7      | Gained mutation: You tend to lose your temper in combat.
                  | [potion of mutation]
  9496 | D:7      | Gained mutation: Your muscles are strong. (Str +2) [potion
                  | of mutation]
  9497 | D:7      | Lost mutation: Your muscles are strong. (Str +2) [potion of
                  | mutation]
  9497 | D:7      | Lost mutation: You tend to lose your temper in combat.
                  | [potion of mutation]
  9497 | D:7      | Gained mutation: You are weak. (Str -2) [potion of
                  | mutation]
  9497 | D:7      | Gained mutation: You have hidden genetic defects. [potion
                  | of mutation]
  9497 | D:7      | Gained mutation: Your body sometimes deteriorates upon
                  | taking damage. [potion of mutation]
  9498 | D:7      | Lost mutation: You are weak. (Str -2) [potion of mutation]
  9498 | D:7      | Lost mutation: Your body sometimes deteriorates upon taking
                  | damage. [potion of mutation]
  9498 | D:7      | Gained mutation: Your mind is acute. (Int +2) [potion of
                  | mutation]
  9499 | D:7      | Lost mutation: Your mind is acute. (Int +2) [potion of
                  | mutation]
  9499 | D:7      | Lost mutation: You have hidden genetic defects. [potion of
                  | mutation]
  9499 | D:7      | Gained mutation: Your muscles are strong. (Str +2) [potion
                  | of mutation]
  9499 | D:7      | Gained mutation: Armour fits poorly on your strangely
                  | shaped body. [potion of mutation]
  9499 | D:7      | Gained mutation: You are agile. (Dex +2) [potion of
                  | mutation]
  9500 | D:7      | Lost mutation: You are agile. (Dex +2) [potion of mutation]
  9500 | D:7      | Lost mutation: Your muscles are strong. (Str +2) [potion of
                  | mutation]
  9500 | D:7      | Lost mutation: Armour fits poorly on your strangely shaped
                  | body. [potion of mutation]
  9500 | D:7      | Gained mutation: You are resistant to electric shocks.
                  | (rElec) [potion of mutation]
 10448 | D:8      | Noticed Harold
 10457 | D:8      | Killed Harold
 11118 | D:8      | Noticed a two-headed ogre
 11134 | D:8      | Killed a two-headed ogre
 11400 | D:8      | Reached *** piety under Cheibriados
 11803 | D:8      | Identified the +3 leather armour "Lerukur" {Dex+6}
 12182 | D:9      | Found a staircase to the Lair.
 12562 | D:10     | Entered Level 10 of the Dungeon
 12562 | D:10     | Noticed Erica
 12573 | D:10     | Noticed Maurice
 12629 | D:10     | Noticed Fannar
 12691 | Lair:1   | Entered Level 1 of the Lair of Beasts
 12762 | Lair:1   | Reached **** piety under Cheibriados
 13295 | Lair:1   | Reached ***** piety under Cheibriados
 13605 | Lair:2   | Reached XP level 13. HP: 82/98 MP: 20/26
 13661 | Lair:2   | Found a dark tunnel.
 13666 | Volcano  | Entered a volcano
 13729 | Volcano  | Shot with an arrow by a centaur warrior

Illustrated notes

Levels and vault maps discovered:
D:1:      lightli_arrival_noodles, layout_basic
D:2:      layout_basic, serial_shops, shop,
          dreamdust_ecumenical_altar_drowned_temple, kennysheep_generic_room_9,
          uniq_terence
D:3:      layout_rooms, mainiacjoe_overflow_boulevard, solitary_fountain,
          serial_park_tiny_pond
D:4:      layout_rooms, mainiacjoe_overflow_small_starburst, kennysheep_boxes
D:5:      layout_cave_pools, mainiacjoe_overflow_large_starburst,
          mainiacjoe_overflow_catch_the_wave, amethyst_overflow_temple_binary,
          minmay_temple_entry_arrows, uniq_grinder, uniq_eustachio
D:6:      layout_basic, gammafunk_ghost_grave, uniq_menkaure,
          uniq_prince_ribbit1, uniq_duvessa, uniq_maggie
D:7:      minmay_cornered_nines, layout_cave_pools, enter_bailey_5,
          grunt_decor_cap, minmay_ruffians
D:8:      nicolae_BIG_FREAKIN_CUBE, layout_loops_ring, st_stairs_12,
          minivault_23, eino_jars, uniq_harold
D:9:      layout_roguey, lair_entry_dummy
D:10:     hangedman_cross_stitches, layout_long_grid,
          mainiacjoe_overflow_alcove_4, enter_trove_6, uniq_fannar,
          uniq_maurice, uniq_erica
Temple:   cyrus_circular_temple
Lair:1:   layout_roguey, grunt_megastairs_3
Lair:2:   hellmonk_ruined_rings, layout_long_grid, nicolae_volcano_entry_s_turn,
          chequers_serial_rivers_micro_b, serial_bayou_lake_a, uniq_urug
Volcano:  volcano_pools

Skill      XL: |  1  2  3  4  5  6  7  8  9 10 11 12 |
---------------+-------------------------------------+-----
Spellcasting   | 5 6 8 9 |  9.5
Invocations    | 1 2 3 4 6 7 8 |  8.7
Fighting       | 1 2 3 6 7 |  7.9
Short Blades   | 1 2 3 6 7 |  7.9
Long Blades    | 1 2 3 6 7 |  7.9
Axes           | 1 2 3 6 7 |  7.9
Maces & Flails | 1 2 3 6 7 |  7.9
Polearms       | 1 2 3 6 7 |  7.9
Staves         | 1 2 3 6 7 |  7.9
Slings         | 1 2 3 6 7 |  7.9
Bows           | 1 2 3 6 7 |  7.9
Crossbows      | 1 2 3 6 7 |  7.9
Throwing       | 1 2 3 6 7 |  7.9
Armour         | 1 2 3 6 7 |  7.9
Shields        | 1 2 3 6 7 |  7.9
Unarmed Combat | 1 2 3 6 7 |  7.9
Evocations     | 1 2 3 6 7 |  7.9
Conjurations   | 1 2 3 5 6 |  6.6
Hexes          | 1 2 3 5 6 |  6.6
Summonings     | 1 2 3 5 6 |  6.6
Necromancy     | 1 2 3 5 6 |  6.6
Translocations | 1 2 3 5 6 |  6.6
Transmutations | 1 2 3 5 6 |  6.6
Fire Magic     | 1 2 3 5 6 |  6.6
Air Magic      | 1 2 3 5 6 |  6.6
Earth Magic    | 1 2 3 5 6 |  6.6
Poison Magic   | 1 2 3 5 6 |  6.6
Dodging        | 5 6 7 8 9 |  9.2
Stealth        | 5 7 8 9 |  9.1
Ice Magic      | 8 9 |  9.8

Action                   |  1- 3 |  4- 6 |  7- 9 | 10-12 | 13-15 || total
-------------------------+-------+-------+-------+-------+-------++-------
Melee: Unarmed           |    26 |       |     1 |       |       ||    27
       Bite              |     8 |    24 |    49 |    44 |     1 ||   126
       Dagger            |    19 |   164 |    57 |       |       ||   240
       Punch             |       |     4 |    11 |    14 |     2 ||    31
       Flail             |       |    40 |   202 |   293 |    25 ||   560
       Short sword       |       |       |    15 |       |       ||    15
 Cast: Freeze            |    36 |    13 |     1 |     3 |       ||    53
       Frozen Ramparts   |     3 |     9 |    17 |    29 |     2 ||    60
       Ozocubu's Armour  |     3 |     4 |    11 |    20 |     2 ||    40
       Irradiate         |       |       |     1 |       |       ||     1
Evoke: Wand              |       |       |     4 |       |       ||     4
  Use: Potion            |     2 |       |     4 |     7 |       ||    13
       Scroll            |       |     4 |    11 |     8 |     1 ||    24
 Stab: Sleeping          |     6 |     6 |    14 |     4 |       ||    30
       Distracted        |       |       |       |     1 |       ||     1
Armor: Robe              |    23 |    17 |       |       |       ||    40
       Ring mail         |       |    29 |       |       |       ||    29
       Leather armour    |       |    51 |   111 |    51 |       ||   213
       Troll leather arm |       |       |       |    78 |    23 ||   101
Dodge: Dodged            |    68 |   164 |   258 |   366 |    55 ||   911

Table legend: (Time is in decaauts)
 A = Elapsed time spent in this place.
 B = Non-inter-level travel time spent in this place.
 C = Inter-level travel time spent in this place.
 D = Time resting spent in this place.
 E = Time spent auto-exploring this place.
 F = Levels seen in this place.
 G = Mean time per level.
                   A        B        C        D        E       F      G
               +--------+--------+--------+--------+--------+-----+--------+
         Total |  15762 |  15133 |    629 |    351 |  11942 |  15 | 1050.8 |
       Dungeon |  13397 |  12813 |    584 |    260 |  10354 |  10 | 1339.7 |
        Temple |     28 |     22 |      6 |      0 |      5 |   1 |   28.0 |
          Lair |   1425 |   1388 |     37 |      0 |    977 |   2 |  712.5 |
        Bailey |    810 |    810 |      0 |     91 |    551 |   1 |  810.0 |
       Volcano |     99 |     99 |      0 |      0 |     54 |   1 |   99.0 |
               +--------+--------+--------+--------+--------+-----+--------+

Top non-repeatable levels by time:
     D:6: 2649 daAuts
     D:7: 1949 daAuts
     D:1: 1627 daAuts
     D:8: 1559 daAuts
     D:2: 1508 daAuts
  Lair:1: 1252 daAuts
     D:4: 1151 daAuts
     D:9: 1102 daAuts
     D:3: 976 daAuts
  Bailey: 810 daAuts
     D:5: 748 daAuts
  Lair:2: 173 daAuts
    D:10: 122 daAuts
 Volcano: 99 daAuts
  Temple: 28 daAuts
